 Dungeon Crawl Stone Soup version 0.30.1-9-gdf580d7c3d (webtiles) character file.

Game seed: 5188148868000137935

9 Nonny the Slasher (level 2, 0/19 HPs)
             Began as a Tengu Cinder Acolyte on Oct 21, 2023.
             Was a High Priest of Ignis.
             Succumbed to a goblin's poison
             ... on level 1 of the Dungeon.
             The game lasted 00:01:38 (135 turns).

Nonny the Slasher (Tengu Cinder Acolyte)             Turns: 135, Time: 00:01:38

Health: 0/19       AC:  2    Str: 14    XL:     2   Next: 16%
Magic:  4/4        EV: 11    Int: 14    God:    Ignis [*****.]
Gold:   6          SH:  4    Dex:  9    Spells: 1/3 levels left

rFire   + . .        a - -1 falchion (flame)
rCold   . . .        (no shield)
rNeg    . . .        b - +0 robe
rPois   .            (helmet restricted)
rElec   .            (no cloak)
rCorr   .            (no gloves)
SInv    .            (boots unavailable)
Will    .....        (no amulet)
Stlth   +            (no ring)
HPRegen 0.23/turn    (no ring)
MPRegen 0.09/turn

%: no passive effects
@: lethally poisoned (0 -> -5)
A: beak, talons 3, claws 1, large bone plates 1
a: Renounce Religion, Fiery Armour, Foxfire Swarm, Rising Flame


You were on level 1 of the Dungeon.
You worshipped Ignis.
Ignis was extremely pleased with you.
You visited 1 branch of the dungeon, and saw 1 of its levels.

You collected 6 gold pieces.

Inventory:

Hand Weapons
 a - a -1 falchion of flaming (weapon)
Armour
 b - a +0 robe (worn)
Scrolls
 d - a scroll of amnesia {unknown}


   Skills:
 - Level 3.0 Fighting
 + Level 3.6 Long Blades
 - Level 1.0 Spellcasting
 + Level 3.6 Fire Magic


You had one spell level left.
You knew the following spells:

 Your Spells              Type           Power      Damage    Failure   Level
a - Scorch                Fire           20%        2d5       9%          2

Your spell library contained the following spells:

 Spells                   Type           Power      Damage    Failure   Level
 Conjure Ball Lightning   Conj/Air       0%         3x3d6     100%        6
 Discord                  Hex            0%         N/A       100%        8
 Disjunction              Tloc           0%         N/A       100%        8


Dungeon Overview and Level Annotations

Branches:
Dungeon (1/15)

Altars:

Shops:
D:1 *


Innate Abilities, Weirdness & Mutations

You have a beak for a mouth.
You have claws for feet.
You have sharp fingernails.
You are partially covered in large bone plates. (SH +4)


Message History

You barely miss the bat. Your kick misses the bat.
You peck the bat, but do no damage.
The bat is severely wounded.
The bat hits you. The bat hits you but does no damage.
You closely miss the bat.
The bat is severely wounded.
The bat hits you. The bat misses you. The bat hits you but does no damage.
The goblin hits you but does no damage.
You hit the goblin but do no damage. Your kick misses the goblin.
The bat barely misses you.
The goblin hits you with a +0 dagger of venom.
You are poisoned.
You completely miss the goblin.
You feel sick. The goblin barely misses you.
The bat hits you but does no damage.
You hit the bat. You burn the bat.
You kill the bat!
You feel sick. The goblin completely misses you.
You barely miss the goblin.
You feel sick.
The goblin hits you with a +0 dagger of venom.
You are more poisoned.
The goblin closely misses you.
You closely miss the goblin. You claw the goblin, but do no damage.
You feel very sick.
The goblin hits you with a +0 dagger of venom.
You are lethally poisoned!
You hit the goblin. You burn the goblin.
You kill the goblin!
* * * LOW HITPOINT WARNING * * *
You feel very sick.
It was a potion of mutation.
You feel extremely strange.
Large bone plates grow over parts of your arms.
Your fingernails lengthen.
* * * LOW HITPOINT WARNING * * *
You feel very sick.
There is a lethal amount of poison in your body!
* * * LOW HITPOINT WARNING * * *
You feel sick.
You die...

...#.# ###..# #...##†....
##.#.## #######..###
#.......### #....###.......>..#
#....##.# ###..##..###......#
####.##.# #.....## #.)....#
#.##.# #......## #......#
..##.# ..>.....# #......#
####.# ..##.##...
##......##########.#
#....##.##.#...)@..#≈≈≈≈≈≈≈##.#
####....##...#####.#≈≈≈≈≈≈≈##.#
.. ..###.. #.≈≈≈...≈..#.# .#
#.. #.# #.≈≈≈......#.# #g
#.≈≈≈......#.# ..
#$≈≈≈.≈.<..#.# ..
#.≈≈≈~≈....#.# #.≈≈≈≈~.(..#.#
#.≈≈≈≈≈....#.#


There were no monsters in sight!

Vanquished Creatures
  A dart slug (D:1)
  A ball python (D:1)
  A bat (D:1)
  A giant cockroach (D:1)
  A goblin (D:1)
  A quokka (D:1)
6 creatures vanquished.

Notes
Turn   | Place    | Note
-------+----------+-------------------------------------------
     0 | D:1      | Nonny the Tengu Cinder Acolyte began the quest for the Orb.
     0 | D:1      | Reached XP level 1. HP: 14/14 MP: 3/3
     4 | D:1      | Starting vault: by the deep water
    32 | D:1      | Found Lywkol's General Store.
    75 | D:1      | Reached XP level 2. HP: 19/19 MP: 4/4
    80 | D:1      | Learned a level 2 spell: Scorch
   133 | D:1      | Gained mutation: You are partially covered in large bone
                  | plates. (SH +4) [potion of mutation]
   133 | D:1      | Gained mutation: You have sharp fingernails. [potion of
                  | mutation]
   135 | D:1      | Succumbed to a goblin's poison

Illustrated notes

.. ...
#########
...#≈≈≈≈≈≈≈#
#.#≈≈≈≈≈≈≈##
#.≈≈≈...≈..#
#.≈≈≈......#
#.≈≈≈......#
#$≈≈≈.≈.<..#
#.≈≈≈@≈....#
#.≈≈≈≈~.(..#
#.≈≈≈≈≈....#
....#≈≈≈≈≈...#
....#######....
.## ###. .#


Turn 4 on D:1: Starting vault: by the deep water

Levels and vault maps discovered:
D:1:      dpeg_arrival_pond, layout_rooms, serial_shops, shop,
          nicolae_shop_gaudy_bauble, shop, nicolae_shop_hallway_plus,
          grunt_decor_one_mirror, minmay_pentomino_u4

Action                     || total
---------------------------++-------
  Melee: Falchion          ||    17
         Kick              ||     2
         Peck              ||     2
    Use: Potion            ||     1
 Armour: Robe              ||     8
  Dodge: Dodged            ||    13
